 Dungeon Crawl Stone Soup version 0.31-a0-190-g4feb4907b2 (webtiles) character file.

Game seed: 11125892966211156987

280 qw the Skirmisher (level 6, -3/34 HPs)
             Began as a Deep Elf Hunter on June 23, 2023.
             Was an Initiate of Okawaru.
             Slain by an orc warrior
             ... wielding a +0 halberd
              (12 damage)
             ... on level 5 of the Dungeon.
             The game lasted 00:01:12 (2895 turns).

qw the Skirmisher (Deep Elf Hunter)                 Turns: 2895, Time: 00:01:12

Health: -3/34      AC:  9    Str: 10    XL:     6   Next: 5%
Magic:  8/8        EV: 16    Int: 14    God:    Okawaru [......]
Gold:   257        SH:  0    Dex: 18    Spells: 5/5 levels left

rFire   . . .        Y - +1 shortbow
rCold   . . .        (shield currently unavailable)
rNeg    . . .        d - +0 ring mail
rPois   .            j - +0 helmet
rElec   .            g - +0 cloak
rCorr   .            b - +1 pair of gloves {infuse}
SInv    .            (no boots)
Will    .....        (no amulet)
Stlth   +            e - +5 ring of evasion
HPRegen 0.25/turn    (no ring)
MPRegen 0.11/turn

%: infuse magic (1 MP)
@: no status effects
A: no striking features
a: Renounce Religion


You were on level 5 of the Dungeon.
You worshipped Okawaru.
Okawaru was noncommittal.
You visited 2 branches of the dungeon, and saw 6 of its levels.

You collected 257 gold pieces.


   Skills:
 + Level 1.5 Fighting
 - Level 9.1 Ranged Weapons
 - Level 1.8 Armour
 - Level 2.4 Dodging
 - Level 1.2 Stealth


You had 5 spell levels left.
You didn't know any spells.
Your spell library was empty.

Inventory:

Hand Weapons
 Y - a +1 shortbow (weapon)
Armour
 b - a +1 pair of gloves of infusion (worn)
 d - a +0 ring mail (worn)
 g - a +0 cloak (worn)
 j - a +0 helmet (worn)
Jewellery
 e - a +5 ring of evasion (left hand)
 f - a ring of ice
Scrolls
 a - 3 scrolls of identify
Potions
 i - a potion of curing

Dungeon Overview and Level Annotations

Branches:
Dungeon (5/15)             Temple (1/1) D:4

Altars:
Cheibriados
Dithmenos
Elyvilon
Makhleb
Nemelex Xobeh
Okawaru
Qazlal
Ru
Uskayaw
Wu Jian
Yredelemnul
The Shining One

Shops:
D:1 ?   D:2 =   D:4 :


Message History

You have reached level 6!
You shoot an arrow. The arrow hits the orc warrior.
The orc warrior is lightly wounded.
You shoot an arrow.
The arrow hits the orc warrior but does no damage.
The orc warrior is lightly wounded.
You shoot an arrow.
The arrow hits the orc warrior but does no damage.
The orc warrior is lightly wounded.
You shoot an arrow. The arrow hits the orc warrior!
The orc warrior is moderately wounded.
You shoot an arrow.
The arrow barely misses the orc warrior.
You shoot an arrow.
The arrow barely misses the orc warrior.
The orc warrior barely misses you.
You shoot an arrow.
The arrow hits the orc warrior but does no damage.
The orc warrior is moderately wounded.
An orc comes into view. It is wielding a +0 club.
The orc warrior barely misses you.
You shoot an arrow. The orc shouts!
The arrow hits the orc warrior!
The orc warrior is heavily wounded.
The orc warrior closely misses you.
The orc warrior hits you from afar with a +0 halberd.
You shoot an arrow.
The arrow hits the orc warrior but does no damage.
The orc warrior is heavily wounded.
The orc warrior hits you from afar with a +0 halberd.
You shoot an arrow. The arrow hits the orc warrior.
The orc warrior is severely wounded.
The orc warrior hits you from afar with a +0 halberd!
Ouch! That really hurt!
You shoot an arrow.
The arrow hits the orc warrior but does no damage.
The orc warrior is severely wounded.
The orc warrior hits you from afar with a +0 halberd!
You die...

#..#.##.#.##.#.#
#....##.#.##.#.#
.###..#.##.#.##...#
.............####.#
##.####.##.#.# #.#
#.####.####... ..#
...........######.#
+7.###.....# #.#
#....@# #.......#
#...oo#.# ##....#.#
#.##)# # #. #)# ..
... #. ...


You could see an orc warrior and an orc.

Vanquished Creatures
  A scorpion (D:3)
  An orc priest (D:5)
  2 jellies (D:4)
  4 adders
  3 worms
  3 dart slugs
  An orc (D:5)
  7 bats
  5 endoplasms
  2 giant cockroaches
  10 goblins
  8 hobgoblins
  8 jackals
  3 quokkas
  5 ball pythons
  4 frilled lizards
  4 kobolds
  10 rats
81 creatures vanquished.

Notes
Turn   | Place    | Note
-------+----------+-------------------------------------------
     0 | D:1      | qw the Deep Elf Hunter began the quest for the Orb.
     0 | D:1      | Reached XP level 1. HP: 12/12 MP: 3/3
     0 | D:1      | 0 ||| qw: Version: 0.3-a-9-g12657ce
     0 | D:1      | 0 ||| qw: Game counter: 4518
     0 | D:1      | 0 ||| qw: Always use a shield: true
     0 | D:1      | 0 ||| qw: God list: Okawaru
     0 | D:1      | 0 ||| qw: Allow faded altars: false
     0 | D:1      | 0 ||| qw: Do Orc after D:15 true
     0 | D:1      | 0 ||| qw: Do second Lair branch before Depths: true
     0 | D:1      | 0 ||| qw: Lair rune preference: random
     0 | D:1      | 0 ||| qw: Plans: Normal
     0 | D:1      | 0 ||| PLANNING D:1-11
   105 | D:1      | Reached skill level 6 in Ranged Weapons
   105 | D:1      | Reached XP level 2. HP: 16/16 MP: 4/4
   186 | D:1      | Found Jaheat's Magic Scroll Shoppe.
   197 | D:1      | 197 ||| SHOPLISTING 3 scrolls of enchant weapon (270 gold,
                  | have 15).
   197 | D:1      | 197 ||| SHOPLISTING scroll of enchant weapon (90 gold, have
                  | 15).
   197 | D:1      | 197 ||| SHOPLISTING scroll of identify (24 gold, have 15).
   407 | D:1      | Reached XP level 3. HP: 20/20 MP: 5/5
   486 | D:1      | 486 ||| UPGRADING to +0 ring mail.
   496 | D:1      | 496 ||| DROPPING +0 leather armour.
   497 | D:1      | 497 ||| UPGRADING to +5 ring of evasion.
   498 | D:1      | 498 ||| READING scroll labelled NEYBRAUDD.
   499 | D:1      | 499 ||| READING scroll labelled TAISTRE OCUQOM.
   500 | D:1      | 500 ||| READING scroll labelled QOTOAJ NYREERE.
   501 | D:1      | 501 ||| DROPPING scroll of butterflies.
   584 | D:2      | Found Plog's Jewellery Shop.
   605 | D:2      | 605 ||| SHOPLISTING +4 ring of protection (432 gold, have
                  | 25).
   605 | D:2      | 605 ||| SHOPLISTING +6 ring of strength (432 gold, have
                  | 25).
   605 | D:2      | 605 ||| SHOPLISTING ring of ice (300 gold, have 25).
   605 | D:2      | 605 ||| SHOPLISTING ring of poison resistance (240 gold,
                  | have 25).
   605 | D:2      | 605 ||| SHOPLISTING ring of protection from cold (300 gold,
                  | have 25).
   605 | D:2      | 605 ||| SHOPLISTING ring of resist corrosion (240 gold,
                  | have 25).
   605 | D:2      | 605 ||| SHOPLISTING ring of willpower (300 gold, have 25).
   612 | D:2      | Reached skill level 7 in Ranged Weapons
   829 | D:2      | Reached XP level 4. HP: 25/25 MP: 6/6
   965 | D:2      | Found a faded altar of an unknown god.
  1274 | D:2      | 1274 ||| UPGRADING to +0 cloak.
  1279 | D:2      | 1279 ||| UPGRADING to +0 helmet.
  1284 | D:2      | 1284 ||| DROPPING ring of flight.
  1285 | D:2      | 1285 ||| READING 3 scrolls labelled HIH JENOILOUM AFI.
  1286 | D:2      | 1286 ||| READING scroll labelled LULE LABINITUO.
  1286 | D:2      | Identified a scroll of acquirement
  1286 | D:2      | 1286 ||| ACQUIRING +1 pair of gloves of infusion
  1286 | D:2      | Acquired a +1 pair of gloves of infusion
  1288 | D:2      | 1288 ||| UPGRADING to +1 pair of gloves of infusion.
  1293 | D:2      | 1293 ||| READING scroll labelled FEIHEHONINN.
  1294 | D:2      | 1294 ||| READING scroll labelled PUCVER AKHLOUR ING.
  1295 | D:2      | 1295 ||| DRINKING 2 purple potions.
  1296 | D:2      | 1296 ||| READING 2 scrolls of identify.
  1296 | D:2      | 1296 ||| IDENTIFYING yellow potion
  1297 | D:2      | 1297 ||| DROPPING potion of ambrosia.
  1355 | D:3      | Identified the +8 long sword of Woe {venom, +Blink rElec
                  | rC- Int+3}
  1363 | D:3      | Reached skill level 8 in Ranged Weapons
  1402 | D:3      | Noticed a scorpion
  1413 | D:3      | Killed a scorpion
  1414 | D:3      | Reached skill level 1 in Armour
  1414 | D:3      | Reached XP level 5. HP: 26/29 MP: 7/7
  1944 | D:3      | 1944 ||| READING scroll labelled MOACEA ELUP.
  1948 | D:3      | 1948 ||| READING scroll labelled SAT UMOEHUSU.
  1949 | D:3      | 1949 ||| READING scroll labelled KYKHLA CYDY.
  1950 | D:3      | 1950 ||| READING 4 scrolls of identify.
  1950 | D:3      | 1950 ||| IDENTIFYING clear potion
  1951 | D:3      | 1951 ||| DROPPING potion of brilliance.
  1953 | D:3      | 1953 ||| Stepping ~*~*~tactically~*~*~ (cloud).
  2081 | D:4      | Found Telod's Book Shop.
  2292 | D:4      | Found a staircase to the Ecumenical Temple.
  2293 | D:4      | 2293 ||| PLANNING TEMPLE
  2298 | Temple   | Entered the Ecumenical Temple
  2299 | Temple   | 2299 ||| PLANNING OKAWARU WORSHIP
  2316 | Temple   | Became a worshipper of Warmaster Okawaru
  2317 | Temple   | 2317 ||| PLANNING D:1-11
  2553 | D:4      | Found a sparkling altar of Nemelex Xobeh.
  2575 | D:4      | Found a hide-covered altar of Uskayaw.
  2679 | D:4      | Found a white marble altar of Elyvilon.
  2720 | D:4      | Found a sacrificial altar of Ru.
  2838 | D:4      | 2838 ||| DROPPING scarf of harm.
  2858 | D:5      | Entered Level 5 of the Dungeon
  2884 | D:5      | Noticed an orc warrior
  2885 | D:5      | Reached skill level 9 in Ranged Weapons
  2885 | D:5      | Reached XP level 6. HP: 34/34 MP: 8/8
  2895 | D:5      | Slain by an orc warrior

Levels and vault maps discovered:
D:1:      evilmike_arrival_grusome_pit, layout_rooms, serial_shops, shop
D:2:      cheibrodos_greedy_goblins, layout_basic,
          chequers_ecumenical_altar_grove, serial_shops, shop_fountains
D:3:      layout_basic
D:4:      layout_gridville, lemuel_coloured_pillars_altar,
          chequers_temple_overflow_statue_of_worship,
          mainiacjoe_overflow_brackets, minmay_temple_entry_nine_rooms,
          serial_shops, nicolae_shop_advertising_works
          [nicolae_subvault_shop_adworks]
D:5:      layout_loops_cross, amcnicky_altar_gilded, nicolae_ashenzari_skybound,
          mainiacjoe_overflow_six_doors_small, uniq_ijyb
Temple:   hellmonk_temple_rainy

Skill      XL: |  1  2  3  4  5 |
---------------+----------------+-----
Ranged Weapons | 6 7 8 9 |  9.1
Armour         | 1 |  1.8
Fighting       | |  1.5
Dodging        | |  2.4
Stealth        | |  1.2

Action                     |  1- 3 |  4- 6 || total
---------------------------+-------+-------++-------
   Fire: Shortbow          |   101 |   123 ||   224
    Use: Scroll            |     3 |     9 ||    12
         Potion            |       |     1 ||     1
 Armour: Leather armour    |     2 |       ||     2
         Ring mail         |     4 |    13 ||    17
  Dodge: Dodged            |    17 |    39 ||    56

Table legend:
 A = Non-vault XP
 B = Vault XP
 C = Vault XP percentage of total XP
 D = Non-vault monster count
 E = Vault monster count
 F = Vault count percentage of total count
                 A         B        C        D         E       F
            +---------+---------+-------+---------+---------+-------
      Total |     385 |      16 |   4.0 |      73 |       8 |   9.9
            +---------+---------+-------+---------+---------+-------
        D:1 |      43 |       0 |   0.0 |      28 |       0 |   0.0
        D:2 |      75 |      16 |  17.6 |      18 |       8 |  30.8
        D:3 |     119 |       0 |   0.0 |      16 |       0 |   0.0
        D:4 |     101 |       0 |   0.0 |       9 |       0 |   0.0
        D:5 |      47 |       0 |   0.0 |       2 |       0 |   0.0
            +---------+---------+-------+---------+---------+-------
